 Dungeon Crawl Stone Soup version 0.31.0-11-ge490571c62 (webtiles) character file.

Game seed: 5389644457668284723

32011 puppykicker the Severer (level 13, -9/116 HPs)
             Began as a Hill Orc Reaver on Jan 26, 2024.
             Was a Priest of Wu Jian.
             Mangled by a tengu warrior
             ... wielding a +2 halberd
              (10 damage)
             ... on level 13 of the Dungeon on Jan 27, 2024.
             The game lasted 00:41:33 (14026 turns).

puppykicker the Severer (Hill Orc Reaver)          Turns: 14026, Time: 00:41:34

Health: -9/116     AC: 14    Str: 17    XL:     13   Next: 61%
Magic:  15/15      EV: 18    Int: 15    God:    Wu Jian [***...]
Gold:   26         SH:  0    Dex:  9    Spells: 6/15 levels left

rFire   + . .        a - +4 battleaxe (venom)
rCold   + + +        (shield currently unavailable)
rNeg    . . .        L - +0 swamp dragon scales
rPois   +            x - +1 hat {SInv} {sInv}
rElec   .            p - scarf {shadows}
rCorr   +            (no gloves)
SInv    +            k - +2 pair of boots {Stlth+} {Stlth+}
Will    +....        S - amulet of magic regeneration
Stlth   +            F - ring "Eveduk" {rF+ rC+ Will+ Int+2}
HPRegen 0.39/turn    I - ring "Fahan" {rPois rC++ rCorr Str-3 SInv}
MPRegen 0.54/turn

%: no passive effects
@: lethally poisoned (-9 -> -18), exhausted, in a heavenly storm, glowing,
studying Unarmed Combat
A: no striking features
a: Renounce Religion, Wall Jump, Serpent's Lash


You were on level 13 of the Dungeon.
You worshipped Wu Jian.
Wu Jian was most pleased with you.
You visited 2 branches of the dungeon, and saw 14 of its levels.
You also visited: Gauntlet.

You collected 953 gold pieces.
You spent 927 gold pieces at shops.

Inventory:

Hand Weapons
 a - a +4 battleaxe of venom (weapon)
 h - a +0 scimitar of flaming
Missiles
 O - 7 javelins (quivered)
 U - 6 poisoned darts
Armour
 k - a +2 pair of boots of stealth (worn) {Stlth+}
 p - a scarf of shadows (worn)
 x - a +1 hat of see invisible (worn) {sInv}
 L - +0 swamp dragon scales (worn)
Jewellery
 v - a +4 ring of slaying
 F - the ring "Eveduk" (left hand) {rF+ rC+ Will+ Int+2}
   (You bought it in a shop on level 6 of the Dungeon)

   [ring of protection from fire]

   Int+2:     It affects your intelligence (+2).
   rF+:       It protects you from fire.
   rC+:       It protects you from cold.
   Will+:     It increases your willpower.
 I - the ring "Fahan" (right hand) {rPois rC++ rCorr Str-3 SInv}
   (You took it off a minotaur in a Gauntlet)

   [ring of poison resistance]

   Str-3:     It affects your strength (-3).
   rC++:      It greatly protects you from cold.
   rPois:     It protects you from poison SInv: It lets you see invisible.
   rCorr:     It protects you from acid and corrosion.
 K - a ring of protection from fire
 S - an amulet of magic regeneration (around neck)
Wands
 c - a wand of polymorph (1)
 u - a wand of roots (3)
 D - a wand of digging (4)
Scrolls
 e - a scroll of fear
 f - 2 scrolls of fog
 g - a scroll of amnesia {unknown}
 j - a scroll of blinking {unknown}
 m - 4 scrolls of enchant weapon
 q - 7 scrolls of teleportation {unknown}
 r - 5 scrolls of poison {unknown}
 t - 2 scrolls of noise {unknown}
 y - a scroll of revelation
 A - 3 scrolls of brand weapon
 C - a scroll of torment {unknown}
 M - 2 scrolls of enchant armour
 P - 2 scrolls of immolation {!r}
 Q - a scroll of acquirement {unknown}
Potions
 d - 3 potions of lignification {unknown}
 l - 2 potions of resistance
 n - a potion of ambrosia
 o - a potion of magic {unknown}
 s - a potion of mutation {!q}
 w - 2 potions of invisibility {unknown}
 z - a potion of might {unknown}
 B - 5 potions of haste
 E - 4 potions of attraction {unknown}
 G - a potion of brilliance
 J - a potion of enlightenment
 T - a potion of curing
 W - 2 potions of berserk rage {unknown}
Miscellaneous
 b - a lightning rod (4/4)
 N - a box of beasts (inert)
 V - a phantom mirror (inert)


   Skills:
 + Level 11.5 Fighting
 - Level 20.0 Axes
 + Level 10.2 Armour
 - Level 8.0 Dodging
 - Level 1.5 Spellcasting
 - Level 3.0 Conjurations
 + Level 5.2 Evocations


You had 6 spell levels left.
You knew the following spells:

 Your Spells              Type           Power      Damage    Failure   Level
a - Kiss of Death         Conj/Necr      20%        2d7       21%         1
c - Vhi's Electric Charg  Tloc/Air       2%         N/A       98%         4
g - Apportation           Tloc           2%         N/A       36%         1
m - Swiftness             Air            1%         N/A       75%         3

Your spell library contained the following spells:

 Spells                   Type           Power      Damage    Failure   Level
 Shock                    Conj/Air       20%        1d4       21%         1
 Sting                    Conj/Alch      20%        1d4       21%         1
 Momentum Strike          Conj/Tloc      10%        3d8       30%         2
 Static Discharge         Conj/Air       10%        3-4/arc   30%         2
 Necrotise                Necr           4%         1d4       36%         1
 Summon Small Mammal      Summ           4%         N/A       36%         1
 Ensorcelled Hibernation  Hex/Ice        2%         N/A       50%         2
 Jinxbite                 Hex            2%         N/A       50%         2
 Lesser Beckoning         Tloc           2%         N/A       50%         2
 Mercury Vapours          Alch/Air       2%         N/A       50%         2
 Hailstorm                Conj/Ice       5%         3d5       52%         3
 Gell's Gravitas          Tloc           1%         N/A       75%         3
 Ozocubu's Armour         Ice            1%         N/A       75%         3
 Passwall                 Erth           1%         N/A       75%         3
 Teleport Other           Tloc           1%         N/A       75%         3
 Animate Armour           Summ/Erth      2%         N/A       98%         4
 Cause Fear               Hex            0%         N/A       98%         4
 Olgreb's Toxic Radiance  Alch           1%         N/A       98%         4
 Summon Lightning Spire   Summ/Air       1%         N/A       98%         4
 Fireball                 Conj/Fire      2%         3d4       99%         5
 Alistair's Intoxication  Alch           0%         N/A       100%        5
 Lee's Rapid Deconstruct  Erth           0%         3d4*      100%        5
 Metabolic Englaciation   Hex/Ice        0%         N/A       100%        5
 Yara's Violent Unravell  Hex/Alch       0%         3d3       100%        5
 Sculpt Simulacrum        Ice/Alch       0%         N/A       100%        6
 Enfeeble                 Hex            0%         N/A       100%        7
 Haunt                    Necr/Summ      0%         N/A       100%        7
 Borgnjor's Revivificati  Necr           0%         N/A       100%        8
 Chain Lightning          Conj/Air       2%         3d3       100%        9
 Death's Door             Necr           0%         N/A       100%        9
 Dragon's Call            Summ           0%         N/A       100%        9
 Fire Storm               Conj/Fire      2%         8d1       100%        9
 Shatter                  Erth           0%         3d5*      100%        9


Dungeon Overview and Level Annotations

Branches:
Dungeon (13/15)            Temple (1/1) D:4            Lair (0/5) D:11
    Orc (0/2) D:11         Vaults (0/5) D:13        Gauntlet (visited)

Altars:
Ashenzari
Cheibriados
Dithmenos
Elyvilon
Fedhas
Gozag
Hepliaklqana
Kikubaaqudgha
Makhleb
Nemelex Xobeh
Okawaru
Qazlal
Ru
Sif Muna
Trog
Uskayaw
Vehumet
Wu Jian
Xom
Yredelemnul
Zin
The Shining One
Lugonu

Shops:
D:4 ==[!   D:6 =   D:7 (


Message History

Unknown command.
Okay, then.
Unknown command.
You feel very sick.
The tengu warrior attacks as it pursues you!
The tengu warrior hits you from afar with a +2 halberd!
* * * LOW HITPOINT WARNING * * *
You take 14 damage, and have 23/116 hp.
Unknown command.
Your muscles tense, ready for explosive movement...
You lunge with incredible momentum at the tengu warrior.
You hit the tengu warrior.
The tengu warrior is poisoned.
The tengu warrior is lightly wounded.
You barely miss the tengu warrior.
The tengu warrior is lightly wounded.
You feel very sick.
You take 2 damage, and have 21/116 hp.
The air is filled with shimmering golden clouds!
Sifu Yunchang says: The storm will not cease as long as you keep fighting, disciple!
You can no longer summon a storm of heavenly clouds.
You feel very sick.
You hear a shout!
The tengu warrior hits you with a +2 halberd!
* * * LOW HITPOINT WARNING * * *
The tengu warrior pecks you but does no damage.
The tengu warrior claws you but does no damage.
You take 17 damage, and have 4/116 hp.
Unknown command.
You spin and attack the tengu warrior repeatedly, with incredible momentum.
You hit the tengu warrior.
The tengu warrior looks as sick as possible!
The tengu warrior is lightly wounded.
You slice the tengu warrior!!
The tengu warrior looks as sick as possible!
The tengu warrior is heavily wounded.
Your supernatural speed expires.
* * * LOW HITPOINT WARNING * * *
You feel very sick.
The tengu warrior hits you from afar with a +2 halberd!
You die...

...............#
..............#
###.$.[......$.##.
..................
........÷..........
........><.........
###.....☼§§§☼.....
........§§§§§.....
.......)☼☼@§☼§.##
....$...§§§§☼§..#
........§☼Q☼§§..##+
.........#§☼§☼.....
........#§☼☼§.....
........#.........
##....#.........
+....#.........
#....###.......


You could see a tengu warrior (extremely poisoned).

Levels and vault maps discovered:
D:1:      pf_arrival_petrified_forest, layout_loops_ring, grunt_decor_arrowhead,
          minmay_misc_feat_diagonals
D:2:      layout_loops_corners, guppyfry_early_lair_pool
D:3:      layout_basic, minmay_misc_feat_chi, uniq_ijyb, uniq_grinder
D:4:      layout_loops_ring, minmay_temple_entry_proselytizer, serial_shops,
          shop, shop, nicolae_shop_industrial_runoff, nicolae_stop_n_shop_2,
          uniq_menkaure, uniq_edmund
D:5:      layout_cave_pods, nicolae_ashenzari_panopticon, dreamdust_gnoll_farm,
          uniq_eustachio, uniq_blork_the_orc, uniq_duvessa
D:6:      layout_cave_pools, mainiacjoe_overflow_24_doors,
          nicolae_elyvilon_temple_path, nemelex_diamond_rough_becter,
          serial_shops, nicolae_stop_n_shop_1, st_stairs_6
D:7:      nzn_winding_woodlands_small [nzn_winding_woodlands_5x15_twine,
          nzn_winding_woodlands_center_triple_pond,
          nzn_winding_woodlands_5x15_sidewinder], layout_basic, serial_shops,
          shop, nicolae_zen_rock_garden, uniq_maggie, uniq_joseph
D:8:      layout_rooms
D:9:      minmay_shrinking_squares, layout_basic,
          lemuel_zombie_altar_yredelemnul, enter_bailey_3, uniq_erica
D:10:     minmay_statue_hallways, layout_cave_pools
D:11:     layout_big_octagon, dpeg_oklobed_lair, hiddenorc1_lemuel,
          gauntlet_entry_generic
D:12:     kennysheep_kobold_lugonu_temple, layout_long_grid, uniq_frances
D:13:     layout_irregular_city, david_vaults_3
Temple:   sentei_temple_godly_chess

Notes
Turn   | Place    | Note
-------+----------+-------------------------------------------
     0 | D:1      | puppykicker the Hill Orc Reaver began the quest for the
                  | Orb.
     0 | D:1      | Reached XP level 1. HP: 18/18 MP: 3/3
    19 | D:1      | Identified a +0 dagger
    39 | D:1      | Identified a +0 cloak
    95 | D:1      | Identified a +0 short sword
   110 | D:1      | Reached XP level 2. HP: 16/25 MP: 4/4
   388 | D:1      | Reached skill level 5 in Axes
   577 | D:1      | Identified a +2 pair of boots of stealth
   833 | D:2      | Learned a level 1 spell: Apportation
   893 | D:2      | Identified a +0 spear
   952 | D:2      | Reached XP level 3. HP: 25/30 MP: 5/5
   998 | D:2      | Identified a +0 short sword
  1279 | D:2      | Identified a +0 dagger
  1474 | D:2      | Identified a +0 club
  1476 | D:2      | Identified a +0 flail
  1477 | D:2      | Identified a +0 flail
  1485 | D:2      | Reached skill level 6 in Axes
  1491 | D:2      | Reached XP level 4. HP: 17/37 MP: 6/6
  1656 | D:2      | Identified a +0 dagger
  1685 | D:3      | Identified a +0 dagger
  1775 | D:3      | Noticed a scorpion
  1804 | D:3      | Killed a scorpion
  1805 | D:3      | Reached skill level 7 in Axes
  1805 | D:3      | Reached XP level 5. HP: 37/42 MP: 7/7
  1854 | D:3      | Identified a +0 short sword
  1866 | D:3      | Identified a +0 sling
  1869 | D:3      | Identified a +0 hand axe
  1877 | D:3      | Identified a +0 dagger
  1891 | D:3      | Identified a +0 dagger
  1905 | D:3      | Identified a +0 dagger
  1905 | D:3      | Identified a +0 leather armour
  1909 | D:3      | Learned a level 3 spell: Swiftness
  1964 | D:3      | Identified a +4 ring of slaying
  1981 | D:3      | Identified a +2 hand axe of electrocution
  1981 | D:3      | Identified a +0 leather armour
  2127 | D:3      | Identified a scarf of shadows
  2192 | D:3      | Noticed Grinder
  2204 | D:3      | HP: 9/42 [Grinder (3)]
  2205 | D:3      | Identified 3 potions of resistance
  2206 | D:3      | Identified a potion of brilliance
  2207 | D:3      | Identified a potion of curing
  2208 | D:3      | Killed Grinder
  2209 | D:3      | Reached skill level 9 in Axes
  2209 | D:3      | Reached XP level 6. HP: 16/50 MP: 8/8
  2461 | D:3      | Identified a +0 dagger
  2461 | D:3      | Identified a +0 leather armour
  2461 | D:3      | Noticed Ijyb
  2486 | D:3      | Identified a +0 leather armour
  2597 | D:3      | Identified the +7 dagger of Oozing Pus {elec, Str+3 Dex+4}
  2614 | D:3      | Identified a +0 club
  3000 | D:3      | Killed Ijyb
  3050 | D:4      | Reached skill level 10 in Axes
  3050 | D:4      | Reached XP level 7. HP: 42/56 MP: 9/9
  3202 | D:4      | Identified a +0 leather armour
  3323 | D:2      | Identified a +0 ring mail
  3405 | D:4      | Found Jeigainenn's Jewellery Shoppe.
  3462 | D:4      | Identified a +2 dire flail of holy wrath
  3462 | D:4      | Identified a +0 chain mail
  3462 | D:4      | Noticed Edmund
  3465 | D:4      | Edmund changed into Edmund the centaur
  3465 | D:4      | Noticed Edmund
  3466 | D:4      | Edmund the centaur changed into Edmund the fire bat
  3466 | D:4      | Noticed Edmund
  3468 | D:4      | Killed Edmund the fire bat
  3561 | D:4      | Identified a +6 ring of strength
  3582 | D:4      | Noticed Menkaure
  3586 | D:4      | Killed Menkaure
  3587 | D:4      | Reached skill level 11 in Axes
  3688 | D:4      | Identified a +0 whip
  3710 | D:4      | Identified a +2 vampiric whip
  3732 | D:4      | Found Zimekheutz's Jewellery Shop.
  3749 | D:4      | Identified a +0 club
  3759 | D:4      | Found a staircase to the Ecumenical Temple.
  3759 | D:4      | Identified a +0 club
  3915 | Temple   | Entered the Ecumenical Temple
  3923 | Temple   | Became a worshipper of the Wu Jian Council
  3955 | D:4      | Found Nafraeqo's Armour Emporium.
  3962 | D:4      | Bought a +1 scale mail of willpower for 160 gold pieces
  3988 | D:4      | Found Tadyimn's Distillery.
  3995 | D:4      | Bought a potion of heal wounds for 70 gold pieces
  4124 | D:5      | Entered Level 5 of the Dungeon
  4238 | D:4      | Bought a potion of degeneration for 14 gold pieces
  4285 | D:5      | Identified a +0 giant club
  4288 | D:5      | Identified a +6 ring of intelligence
  4290 | D:5      | Reached skill level 12 in Axes
  4290 | D:5      | Reached XP level 8. HP: 59/62 MP: 10/10
  4330 | D:5      | Found a broken altar of Ashenzari.
  4424 | D:5      | Identified a +0 shortbow
  4427 | D:5      | Reached skill level 13 in Axes
  4547 | D:5      | Identified a +0 halberd
  4547 | D:5      | Identified a +0 halberd
  4547 | D:5      | Identified a +0 leather armour
  4639 | D:5      | Identified a +4 battleaxe of venom
  4639 | D:5      | Identified a +0 robe
  4639 | D:5      | Noticed Blork the orc
  4644 | D:5      | Killed Blork the orc
  4645 | D:5      | Reached skill level 14 in Axes
  4665 | D:5      | Identified a +0 halberd
  4696 | D:5      | Identified a +0 dagger
  4696 | D:5      | Identified a +0 robe
  4696 | D:5      | Noticed Dowan
  4697 | D:5      | Identified a +0 short sword
  4697 | D:5      | Identified a +1 leather armour of cold resistance
  4697 | D:5      | Noticed Duvessa
  4698 | D:5      | Identified a +0 rapier
  4698 | D:5      | Identified a +1 leather armour of poison resistance
  4698 | D:5      | Noticed Eustachio
  4702 | D:5      | Identified a +0 halberd
  4704 | D:5      | Killed Duvessa
  4705 | D:5      | Reached skill level 1 in Armour
  4707 | D:5      | Killed Dowan
  4708 | D:5      | Reached skill level 3 in Fighting
  4708 | D:5      | Reached skill level 2 in Dodging
  4712 | D:5      | Reached XP level 9. HP: 42/69 MP: 11/11
  4714 | D:5      | Killed Eustachio
  4893 | D:5      | Identified a +0 vampiric short sword
  4894 | D:5      | Identified a +0 hand axe
  4894 | D:5      | Identified a +0 short sword
  4894 | D:5      | Identified a +0 trident
  4894 | D:5      | Identified a +0 club
  4901 | D:5      | Reached skill level 2 in Armour
  4903 | D:5      | Reached * piety under Wu Jian
  4978 | D:5      | Identified a +0 scale mail
  4988 | D:5      | Identified a +0 mace
  4988 | D:5      | Identified a +0 hand axe
  4988 | D:5      | Identified a +0 scale mail
  4988 | D:5      | Identified a +0 club
  4988 | D:5      | Identified a +0 club
  4988 | D:5      | Identified a +0 leather armour
  4989 | D:5      | Identified a +0 falchion
  4989 | D:5      | Identified a +0 ring mail
  4990 | D:5      | Identified a +0 sling
  5091 | D:5      | Identified a +0 hand axe
  5092 | D:5      | Identified a +0 trident
  5092 | D:5      | Identified a +0 leather armour
  5092 | D:5      | Identified a +0 flail
  5092 | D:5      | Identified a +0 leather armour
  5092 | D:5      | Identified a +0 trident
  5092 | D:5      | Identified a +0 ring mail
  5126 | D:5      | Identified a +0 giant club
  5137 | D:5      | Identified a +0 leather armour
  5222 | D:5      | Identified a +0 war axe
  5301 | D:6      | Identified a +0 shortbow
  5326 | D:6      | Identified a +3 war axe
  5326 | D:6      | Identified a +0 robe
  5328 | D:6      | Identified a +0 mace
  5328 | D:6      | Identified a +0 robe
  5328 | D:6      | Identified a +2 hand axe
  5328 | D:6      | Identified a +0 robe
  5336 | D:6      | Reached skill level 4 in Fighting
  5448 | D:6      | Identified a +0 flail
  5449 | D:6      | Identified a +0 flail
  5449 | D:6      | Identified a +0 spear
  5450 | D:6      | Identified a +0 club
  5450 | D:6      | Identified a +0 robe
  5450 | D:6      | Identified a +0 flail
  5451 | D:6      | Identified a +0 whip
  5453 | D:6      | Reached skill level 3 in Armour
  5457 | D:6      | Reached skill level 3 in Dodging
  5504 | D:6      | Found a sparkling altar of Nemelex Xobeh.
  5596 | D:6      | Found Ereih's Jewellery Shoppe.
  5598 | D:6      | Identified a +0 club
  5598 | D:6      | Identified a +0 leather armour
  5599 | D:6      | Identified a +0 dagger
  5599 | D:6      | Identified a +0 robe
  5601 | D:6      | Reached skill level 15 in Axes
  5601 | D:6      | Identified a +0 dagger
  5601 | D:6      | Identified a +0 robe
  5602 | D:6      | Identified a +0 club
  5607 | D:6      | Reached ** piety under Wu Jian
  5677 | D:6      | Found a white marble altar of Elyvilon.
  5988 | D:6      | Identified a +0 dagger
  6029 | D:6      | Found a shimmering altar of Xom.
  6146 | D:7      | Identified a +0 giant club
  6146 | D:7      | Identified a +0 giant club
  6146 | D:7      | Noticed a two-headed ogre
  6155 | D:7      | Killed a two-headed ogre
  6156 | D:7      | Reached skill level 5 in Fighting
  6156 | D:7      | Reached skill level 4 in Armour
  6156 | D:7      | Reached XP level 10. HP: 60/81 MP: 12/12
  6233 | D:7      | Found Uboukhlu's Antique Weapon Emporium.
  6256 | D:7      | Identified a +0 falchion
  6256 | D:7      | Identified a +0 robe
  6295 | D:7      | Killed an unseen horror
  6296 | D:7      | Reached skill level 4 in Dodging
  6312 | D:7      | Reached skill level 16 in Axes
  6317 | D:7      | Identified +0 acid dragon scales
  6459 | D:7      | Identified a +2 scimitar
  6459 | D:7      | Identified a +0 robe
  6480 | D:7      | Reached skill level 6 in Fighting
  6501 | D:7      | Reached skill level 5 in Armour
  6524 | D:7      | Identified a +0 quarterstaff
  6524 | D:7      | Identified a +0 sling
  6524 | D:7      | Identified a +0 leather armour
  6524 | D:7      | Noticed Joseph
  6656 | D:7      | Joseph changed into Joseph the blink frog
  6656 | D:7      | Noticed Joseph
  6662 | D:7      | Killed Joseph the blink frog
  6761 | D:7      | Identified a +0 scimitar
  6761 | D:7      | Identified +0 swamp dragon scales
  6761 | D:7      | Noticed Maggie
  6767 | D:7      | Killed Maggie
  6977 | D:7      | Identified a +0 robe
  6981 | D:7      | Identified a +0 scale mail
  7033 | D:7      | Identified a +0 dagger
  7033 | D:7      | Identified a +0 robe
  7033 | D:7      | Identified a +0 flail
  7033 | D:7      | Identified a +0 dagger
  7033 | D:7      | Identified a +0 robe
  7034 | D:7      | Identified a +0 dagger
  7034 | D:7      | Identified a +0 robe
  7282 | D:7      | Identified a +0 short sword
  7531 | D:8      | Reached skill level 7 in Fighting
  7534 | D:8      | Reached skill level 17 in Axes
  7631 | D:8      | Identified a +0 mace
  7636 | D:8      | Reached skill level 6 in Armour
  7636 | D:8      | Reached XP level 11. HP: 92/92 MP: 13/13
  7637 | D:8      | Reached skill level 5 in Dodging
  7638 | D:8      | Identified a +0 mace
  7638 | D:8      | Identified a +0 ring mail
  7639 | D:8      | Identified a +0 dagger
  7639 | D:8      | Identified a +0 robe
  7643 | D:8      | Identified a +0 club
  7643 | D:8      | Identified a +0 scale mail
  7666 | D:8      | Identified a +0 orcbow
  7799 | D:8      | Identified a +0 dagger
  7872 | D:8      | Reached *** piety under Wu Jian
  8066 | D:8      | Identified a +0 leather armour
  8263 | D:9      | Identified 5 scrolls of identify
  8263 | D:9      | Identified 2 scrolls of enchant weapon
  8264 | D:9      | Identified a scroll of revelation
  8265 | D:9      | Identified 2 scrolls of immolation
  8266 | D:9      | Identified 2 scrolls of enchant armour
  8267 | D:9      | Identified a scroll of fog
  8295 | D:9      | You fall into a shaft and drop 2 floors!
  8318 | D:11     | Reached skill level 8 in Fighting
  8318 | D:11     | Noticed a cyclops
  8319 | D:11     | Identified a +0 whip
  8321 | D:11     | Identified a +0 club
  8323 | D:11     | Identified a +0 club
  8323 | D:11     | Identified a +0 dagger
  8323 | D:11     | Identified a +0 robe
  8325 | D:11     | Noticed a cyclops
  8334 | D:11     | Killed a cyclops
  8335 | D:11     | Reached skill level 7 in Armour
  8342 | D:11     | Reached skill level 18 in Axes
  8343 | D:11     | HP: 23/94 [cyclops (13)]
  8345 | D:11     | Killed a cyclops
  8403 | D:11     | Found a staircase to the Lair.
  8405 | D:11     | Noticed an oklob plant
  8462 | D:11     | Noticed a cyclops
  8470 | D:11     | Killed a cyclops
  8484 | D:11     | Identified a +0 hand axe
  8484 | D:11     | Identified a +0 leather armour
  8485 | D:11     | Identified a +0 flail
  8485 | D:11     | Identified a +0 leather armour
  8485 | D:11     | Identified a +0 club
  8485 | D:11     | Identified a +0 ring mail
  8486 | D:11     | Identified a +0 dagger
  8486 | D:11     | Identified a +0 robe
  8486 | D:11     | Identified a +0 mace
  8487 | D:11     | Identified a +0 whip
  8487 | D:11     | Identified a +0 leather armour
  8487 | D:11     | Identified a +0 short sword
  8487 | D:11     | Identified a +0 leather armour
  8487 | D:11     | Identified a +0 flail
  8487 | D:11     | Identified a +0 leather armour
  8488 | D:11     | Identified a +0 robe
  8488 | D:11     | Identified a +2 dagger of draining
  8488 | D:11     | Identified a +0 robe
  8488 | D:11     | Identified a +1 dagger of venom
  8488 | D:11     | Identified a +0 robe
  8488 | D:11     | Identified a +0 dagger
  8488 | D:11     | Identified a +0 ring mail
  8488 | D:11     | Identified a +0 club
  8488 | D:11     | Identified a +0 whip
  8488 | D:11     | Identified a +0 long sword
  8488 | D:11     | Identified a +0 plate armour
  8488 | D:11     | Identified a +0 short sword
  8489 | D:11     | Identified a +0 club
  8489 | D:11     | Identified a +0 scale mail
  8489 | D:11     | Identified a +0 short sword
  8494 | D:11     | Identified 5 potions of haste
  8495 | D:11     | Identified 3 potions of ambrosia
  8613 | D:11     | Identified a +3 plate armour
  8625 | D:11     | Found a staircase to the Orcish Mines.
  8677 | D:11     | Found a gate leading to a gauntlet.
  8685 | Gauntlet | Entered a Gauntlet
  8685 | Gauntlet | Found a transporter.
  8692 | Gauntlet | Found a runed translucent door.
  8695 | Gauntlet | Found a transporter.
  8700 | Gauntlet | Identified a +0 trident
  8710 | Gauntlet | Found a transporter.
  8710 | Gauntlet | Found a transporter.
  8712 | Gauntlet | Noticed a purple ugly thing
  8712 | Gauntlet | Noticed a glowing orange brain
  8717 | Gauntlet | Found a runed translucent gate.
  8717 | Gauntlet | Found a runed translucent gate.
  8717 | Gauntlet | Found a runed translucent gate.
  8720 | Gauntlet | Found a transporter.
  8734 | Gauntlet | Noticed a wretched star
  8736 | Gauntlet | Found a transporter.
  8747 | Gauntlet | Noticed a wretched star
  8748 | Gauntlet | Found a transporter.
  8758 | Gauntlet | Found a transporter.
  8758 | Gauntlet | Noticed a hell beast
  8766 | Gauntlet | Found a transporter.
  8766 | Gauntlet | Found a transporter.
  8768 | Gauntlet | Found a transporter.
  8768 | Gauntlet | Noticed a large abomination
  8804 | Gauntlet | Found a transporter.
  8862 | Gauntlet | Found a transporter.
  8882 | Gauntlet | Found a transporter.
  8980 | Gauntlet | Reached skill level 6 in Dodging
  9042 | Gauntlet | Identified a scroll of fear
  9128 | Gauntlet | Killed a large abomination
  9134 | Gauntlet | Reached **** piety under Wu Jian
  9321 | Gauntlet | Killed a hell beast
  9322 | Gauntlet | Reached skill level 9 in Fighting
  9322 | Gauntlet | Reached XP level 12. HP: 32/104 MP: 14/14
  9329 | Gauntlet | Identified a +1 hat of see invisible
  9344 | Gauntlet | Identified a +0 bardiche
  9344 | Gauntlet | Identified a +0 chain mail
  9344 | Gauntlet | Identified the ring "Fahan" {rPois rC++ rCorr Str-3 SInv}
  9344 | Gauntlet | Noticed a minotaur
  9530 | Gauntlet | HP: 14/104 [minotaur/+0 bardiche (34)]
  9530 | Gauntlet | HP: 5/104 [minotaur/+0 bardiche (9)]
  9534 | Gauntlet | Killed a minotaur
  9544 | Gauntlet | Identified a ring of positive energy
  9544 | Gauntlet | Identified a ring of ice
  9552 | Gauntlet | Identified a +2 robe
  9552 | Gauntlet | Identified a +0 quick blade
  9555 | Gauntlet | Identified a +2 buckler of fire resistance
  9555 | Gauntlet | Identified a +1 leather armour of positive energy
  9815 | D:10     | Entered Level 10 of the Dungeon
  9820 | D:10     | Identified a +0 hand axe
  9821 | D:10     | Identified a +0 short sword
  9821 | D:10     | Identified a +0 halberd
  9821 | D:10     | Identified a +0 plate armour
  9822 | D:10     | Identified a +0 club
 10038 | D:9      | Identified a +2 heavy spear
 10039 | D:9      | Identified a +0 spear
 10039 | D:9      | Identified a +0 scale mail
 10039 | D:9      | Identified a +0 halberd
 10039 | D:9      | Identified a +0 spear
 10042 | D:9      | Identified a +0 trident
 10042 | D:9      | Identified a +0 robe
 10048 | D:9      | Reached skill level 8 in Armour
 10058 | D:9      | Identified a +0 halberd
 10058 | D:9      | Identified a +0 robe
 10061 | D:9      | Identified a +0 scimitar
 10061 | D:9      | Identified a +0 robe
 10091 | D:9      | Found a basalt altar of Yredelemnul.
 10151 | D:9      | Identified a +0 scimitar of flaming
 10151 | D:9      | Identified an amulet of magic regeneration
 10151 | D:9      | Noticed Erica
 10161 | D:9      | HP: 25/104 [poisoned by Erica (bolt of poison)]
 10162 | D:9      | Identified 3 potions of enlightenment
 10163 | D:9      | HP: 11/104 [Erica/+0 scimitar of flaming (2)]
 10165 | D:9      | Killed Erica
 10168 | D:9      | HP: 10/104 [poisoned by Erica (bolt of poison)]
 10173 | D:9      | HP: 5/104 [poisoned by Erica (bolt of poison)]
 10566 | D:9      | Reached skill level 19 in Axes
 10572 | D:9      | Identified a +0 hand axe
 10572 | D:9      | Identified a +0 hand axe
 10573 | D:9      | Identified a +0 hand axe
 10592 | D:9      | Identified a +0 hand axe
 10803 | D:9      | Got the Compendium of Wyrd
 10809 | D:9      | Learned a level 4 spell: Vhi's Electric Charge
 10859 | D:9      | Identified a +0 short sword
 10861 | D:9      | Identified a +0 dagger
 10863 | D:9      | Identified a +1 whip of flaming
 10869 | D:9      | Identified a +0 troll leather armour
 10870 | D:9      | Identified a +0 club
 11005 | D:9      | Identified a +0 giant club
 11005 | D:9      | Identified a +0 giant spiked club
 11005 | D:9      | Noticed a two-headed ogre
 11006 | D:9      | Identified a +0 great mace
 11006 | D:9      | Identified a +0 leather armour
 11006 | D:9      | Noticed a tengu warrior
 11006 | D:9      | Noticed a boulder beetle
 11016 | D:9      | Killed a two-headed ogre
 11020 | D:9      | Killed a boulder beetle
 11021 | D:9      | Reached skill level 1 in Evocations
 11022 | D:9      | Noticed a four-headed hydra
 11023 | D:9      | Identified a +0 dagger
 11037 | D:9      | HP: 25/106 [six-headed hydra (10)]
 11038 | D:9      | HP: 9/106 [troll (8)]
 11042 | D:9      | Killed a six-headed hydra
 11310 | D:9      | Identified a +0 troll leather armour
 11343 | D:9      | Killed a tengu warrior
 11362 | D:9      | Noticed a boulder beetle
 11362 | D:9      | Identified a +0 short sword
 11362 | D:9      | Identified a +0 leather armour
 11362 | D:9      | Noticed a deep elf knight
 11371 | D:9      | Reached skill level 10 in Fighting
 11371 | D:9      | Reached skill level 7 in Dodging
 11371 | D:9      | Reached skill level 2 in Evocations
 11374 | D:9      | Killed a boulder beetle
 11377 | D:9      | Killed a deep elf knight
 11563 | D:9      | Identified the +5 ring mail "Rashog" {-Tele rC+ Dex+3}
 11566 | D:9      | Identified a +2 leather armour of fire resistance
 11642 | D:10     | Reached skill level 9 in Armour
 11741 | D:10     | Identified a +0 flail
 11797 | D:10     | Identified a +0 shortbow
 11909 | D:10     | Reached XP level 13. HP: 114/114 MP: 15/15
 12036 | D:11     | Identified a +0 club
 12038 | D:11     | Identified a +0 dagger
 12038 | D:11     | Identified a +0 robe
 12038 | D:11     | Identified a +0 club
 12038 | D:11     | Identified a +0 scale mail
 12038 | D:11     | Identified a +0 short sword of venom
 12178 | D:11     | Identified a ring of protection from fire
 12187 | D:11     | Reached skill level 20 in Axes
 12187 | D:11     | Reached skill level 3 in Evocations
 12193 | D:11     | Identified a +0 robe
 12520 | D:12     | Identified a +0 shortbow
 12526 | D:12     | Identified a +0 dagger
 12526 | D:12     | Identified a +0 leather armour
 12527 | D:12     | Identified a +0 hand axe
 12529 | D:12     | Identified a +0 dagger
 12529 | D:12     | Identified a +0 robe
 12529 | D:12     | Identified a +0 dagger
 12529 | D:12     | Identified a +0 leather armour
 12530 | D:12     | Identified a +0 dagger
 12530 | D:12     | Identified a +0 robe
 12647 | D:6      | Bought the ring "Eveduk" {rF+ rC+ Will+ Int+2} for 683 gold
                  | pieces
 12754 | D:12     | Found a corrupted altar of Lugonu.
 12754 | D:12     | Identified a +0 dagger
 12754 | D:12     | Identified a +0 robe
 12754 | D:12     | Identified a +0 dagger
 12754 | D:12     | Identified a +0 robe
 12754 | D:12     | Identified a +0 dagger
 12754 | D:12     | Identified a +0 robe
 12930 | D:12     | Identified a +0 short sword
 12930 | D:12     | Identified a +0 ring mail
 12930 | D:12     | Noticed Frances
 12941 | D:12     | Killed Frances
 13168 | D:12     | Reached skill level 4 in Evocations
 13174 | D:12     | Identified 3 scrolls of brand weapon
 13288 | D:13     | Identified a +0 shortbow
 13288 | D:13     | Identified a +0 great sword
 13288 | D:13     | Identified a +0 plate armour
 13288 | D:13     | Identified a +0 giant club
 13288 | D:13     | Identified a +0 giant spiked club
 13288 | D:13     | Found a gate to the Vaults.
 13291 | D:13     | Identified a +2 halberd
 13291 | D:13     | Identified a +0 leather armour
 13291 | D:13     | Reached skill level 11 in Fighting
 13292 | D:13     | Identified a +0 rapier of freezing
 13300 | D:13     | HP: 28/116 [cyan ugly thing (4)]
 13303 | D:13     | HP: 4/116 [boulder beetle (28)]
 13304 | D:13     | Reached ***** piety under Wu Jian
 13322 | D:13     | Reached skill level 10 in Armour
 13667 | D:13     | Reached skill level 8 in Dodging
 13673 | D:12     | Reached skill level 5 in Evocations
 13766 | D:13     | HP: 29/116 [tengu warrior/+2 halberd (7)]
 14023 | D:13     | HP: 23/116 [tengu warrior/+2 halberd (8)]
 14025 | D:13     | HP: 4/116 [tengu warrior/+2 halberd (13)]
 14026 | D:13     | HP: 1/116 [poisoned by a black mamba]
 14026 | D:13     | Mangled by a tengu warrior

Table legend: (Time is in decaauts)
 A = Elapsed time spent in this place.
 B = Non-inter-level travel time spent in this place.
 C = Inter-level travel time spent in this place.
 D = Time resting spent in this place.
 E = Time spent auto-exploring this place.
 F = Levels seen in this place.
 G = Mean time per level.
                   A        B        C        D        E       F      G
               +--------+--------+--------+--------+--------+-----+--------+
         Total |  13885 |  12722 |   1163 |   3930 |   6366 |  15 |  925.7 |
       Dungeon |  12792 |  11644 |   1148 |   3305 |   6165 |  13 |  984.0 |
        Temple |     16 |      1 |     15 |      0 |      0 |   1 |   16.0 |
      Gauntlet |   1075 |   1075 |      0 |    625 |    201 |   1 | 1075.0 |
               +--------+--------+--------+--------+--------+-----+--------+

Top non-repeatable levels by time:
    D:12: 1494 daAuts
     D:9: 1406 daAuts
     D:3: 1400 daAuts
     D:7: 1368 daAuts
Gauntlet: 1075 daAuts
     D:2: 1067 daAuts
     D:5: 1042 daAuts
     D:4: 1032 daAuts
     D:8: 1015 daAuts
     D:6: 850 daAuts
    D:11: 751 daAuts
     D:1: 714 daAuts
    D:10: 581 daAuts
    D:13: 67 daAuts
  Temple: 16 daAuts

Table legend:
 A = Kills in this place as a percentage of kills in the entire game.
 B = Kills by you in this place as a percentage of kills by you in the entire game.
 C = Kills by friends in this place as a percentage of kills by friends in the entire game.
 D = Other kills in this place as a percentage of other kills in the entire game.
 E = Experience gained in this place as a percentage of experience gained in the entire game.
 F = Experience gained in this place divided by the number of levels of this place that you have seen.
                   A       B       C       D       E      F
               +-------+-------+-------+-------+-------+----------------------
         Total | 100.0 | 100.0 | 100.0 |   N/A | 100.0 | 3048.7
       Dungeon |  96.9 |  96.9 | 100.0 |   N/A |  91.8 | 3229.2
      Gauntlet |   3.1 |   3.1 |   0.0 |   N/A |   8.2 | 3751.0
               +-------+-------+-------+-------+-------+----------------------

Skill      XL: |  1  2  3  4  5  6  7  8  9 10 11 12 13 |
---------------+----------------------------------------+-----
Axes           | 5 6 7 9 10 12 14 15 17 18 19 20 | 20.0
Armour         | 1 4 6 7 9 10 | 10.2
Fighting       | 3 5 7 9 10 11 | 11.5
Dodging        | 2 3 4 6 7 8 |  8.0
Evocations     | 2 5 |  5.2
Spellcasting   | |  1.5
Conjurations   | |  3.0

Action                     |  1- 3 |  4- 6 |  7- 9 | 10-12 | 13-15 || total
---------------------------+-------+-------+-------+-------+-------++-------
  Melee: Hand axe          |   135 |    82 |    71 |       |       ||   288
         Punch             |     2 |     1 |       |       |       ||     3
         Unarmed           |       |     9 |       |       |       ||     9
         Battleaxe         |       |       |    83 |   376 |   147 ||   606
  Throw: Throwing net      |       |     1 |       |       |       ||     1
 Invoke: Serpent's Lash    |       |       |       |     1 |     2 ||     3
         Heavenly Storm    |       |       |       |       |     1 ||     1
Ability: Lunge             |       |       |    21 |    29 |    14 ||    64
         Whirlwind         |       |       |     1 |    16 |    21 ||    38
  Evoke: Wand              |       |     1 |     6 |     4 |       ||    11
         Box of beasts     |       |       |       |     1 |     1 ||     2
         Phantom mirror    |       |       |       |     1 |     1 ||     2
    Use: Potion            |       |     3 |       |     7 |     5 ||    15
         Scroll            |       |       |       |     8 |     3 ||    11
   Stab: Sleeping          |     3 |     3 |       |     2 |       ||     8
         Distracted        |       |       |       |       |     1 ||     1
 Armour: Leather armour    |    63 |    38 |       |       |       ||   101
         Skin              |       |     5 |       |       |       ||     5
         Ring mail         |       |       |     5 |       |       ||     5
         Scale mail        |       |       |    99 |    19 |       ||   118
         Swamp dragon scal |       |       |       |   230 |   114 ||   344
         Acid dragon scale |       |       |       |    23 |       ||    23
  Dodge: Dodged            |    76 |    40 |    59 |   150 |    58 ||   383

Vanquished Creatures
  Frances (D:12)
  A minotaur (Gauntlet)
  A hell beast (Gauntlet)
  A hydra (D:9)
  Erica (D:9)
  A centaur warrior (D:13)
  3 two-headed ogres
  4 boulder beetles
  A tengu warrior (D:9)
  A deep elf knight (D:9)
  A large abomination (Gauntlet)
  An orc knight (D:13)
  An oklob plant (D:11)
  2 deep elf pyromancers
  3 cyclopes (D:11)
  A meliai (shapeshifter) (D:9)
  3 ugly things (D:12)
  A black mamba (shapeshifter) (D:13)
  An ice statue (D:10)
  A gargoyle (D:10)
  An unseen horror (D:7)
  2 kobold demonologists
  Maggie (D:7)
  3 trolls
  Grinder (D:3)
  A blink frog (D:7)
  A raiju (Gauntlet)
  34 yaks
  3 wraiths
  A fire bat (D:4)
  14 humans (D:13)
  2 wyverns
  Eustachio (D:5)
  2 basilisks (D:7)
  2 steam dragons (Gauntlet)
  Menkaure (D:4)
  3 acid dragons
  6 water moccasins
  Duvessa (D:5)
  2 orc warriors
  2 black bears
  2 ice beasts
  2 sky beasts
  2 ogres (D:5)
  5 centaurs
  Blork the orc (D:5)
  2 phantoms (D:7)
  3 bullfrogs
  A kobold brigand (D:9)
  A gnoll sergeant (D:9)
  7 scorpions
  4 small abominations (Gauntlet)
  8 wights
  Dowan (D:5)
  11 killer bees
  A bombardier beetle (D:7)
  2 jellies
  A gnoll bouda (D:6)
  4 hounds
  10 orc priests
  Ijyb (D:3)
  2 sleepcaps
  An iguana (D:4)
  12 orc wizards
  2 howler monkey zombies (D:9)
  15 gnolls
  3 adders
  3 white imps
  2 ufetubi (D:6)
  A dart slug (D:5)
  41 orcs
  3 bats
  5 endoplasms
  5 giant cockroaches
  8 goblins
  7 hobgoblins
  8 jackals
  5 quokkas
  5 ball pythons
  A frilled lizard (D:3)
  8 kobolds
  4 rats
324 creatures vanquished.

Vanquished Creatures (collateral kills)
  2 humans (D:13)
2 creatures vanquished.

Grand Total: 326 creatures vanquished
